 Dungeon Crawl Stone Soup version 0.29.1-2-gbd0b4ee654 (webtiles) character file.

Game seed: 6452041293213447784

259 DemonSlayer the Stinger (level 5, -3/36 HPs)
             Began as a Demonspawn Venom Mage on Nov 14, 2022.
             Slain by Blork the orc
             ... wielding a +0 short sword of speed
              (6 damage)
             ... on level 4 of the Dungeon.
             The game lasted 00:09:41 (5682 turns).

DemonSlayer the Stinger (Demonspawn Venom Mage)     Turns: 5682, Time: 00:09:42

Health: -3/36      AC:  6    Str: 10    XL:     5   Next: 94%
Magic:  11/18      EV: 11    Int: 16    God:
Gold:   89         SH:  0    Dex: 14    Spells: 3/10 levels left

rFire   . . .      SeeInvis .   c - +0 spear
rCold   . . .      Faith    .   (no shield)
rNeg    . . .      Spirit   .   b - +0 leather armour
rPois   .          Reflect  .   (helmet restricted)
rElec   .          Harm     .   s - +2 cloak
rCorr   .          Rampage  .   (no gloves)
Will    .....                   (no boots)
Stlth   ++........              (no amulet)
HPRegen 0.12/turn               w - ring of magical power
MPRegen 0.16/turn               (no ring)

@: no status effects
A: horns 1, powered by pain 1, weakness stinger 1
a: no special abilities


You were on level 4 of the Dungeon.
You visited 1 branch of the dungeon, and saw 4 of its levels.

You collected 89 gold pieces.

Inventory:

Hand Weapons
 c - a +0 spear (weapon)
Armour
 b - a +0 leather armour (worn)
 s - a +2 cloak (worn)
Jewellery
 w - a ring of magical power (left hand)
Scrolls
 d - 2 scrolls of blinking {unknown}
 e - 2 scrolls of identify {unknown}
 f - a scroll of fear {unknown}
 g - 2 scrolls of poison {unknown}
 h - 2 scrolls of magic mapping {unknown}
 i - a scroll of amnesia {unknown}
 j - 2 scrolls of summoning {unknown}
 l - 3 scrolls of teleportation {unknown}
 r - a scroll of enchant armour {unknown}
 t - a scroll of noise {unknown}
 u - a scroll of torment {unknown}
Potions
 a - 2 potions of curing {unknown}
 k - 4 potions of flight
 m - a potion of haste {unknown}
 n - 2 potions of attraction {unknown}
 o - a potion of lignification {unknown}
 p - a potion of might {unknown}
 q - a potion of invisibility {unknown}
 v - a potion of berserk rage


   Skills:
 + Level 0.5 Fighting
 + Level 1.3 Polearms
 + Level 1.0 Armour
 + Level 2.0 Dodging
 + Level 2.2 Stealth
 + Level 3.3 Spellcasting
 + Level 2.1 Transmutations
 + Level 4.4 Poison Magic


You had 3 spell levels left.
You knew the following spells:

 Your Spells              Type           Power      Damage    Failure   Level
a - Sting                 Tmut/Pois      52%        1d5       6%          1
b - Mephitic Cloud        Conj/Pois/Air  7%         N/A       38%         3
c - Stone Arrow           Conj/Erth      4%         3d7       58%         3

Your spell library contained the following spells:

 Spells                   Type           Power      Damage    Failure   Level
 Poisonous Vapours        Pois/Air       18%        N/A       16%         2
 Wereblood                Tmut           9%         N/A       16%         2
 Passwall                 Tmut/Erth      5%         N/A       24%         2
 Sandblast                Erth           4%         2d4       26%         1
 Static Discharge         Conj/Air       2%         3-4/arc   36%         2
 Sublimation of Blood     Necr           2%         N/A       36%         2
 Olgreb's Toxic Radiance  Pois           17%        N/A       36%         4
 Lightning Bolt           Conj/Air       1%         1d12      100%        5
 Summon Hydra             Summ           1%         N/A       100%        7
 Maxwell's Capacitive Co  Air            1%         ∞         100%        8


Dungeon Overview and Level Annotations

Branches:
Dungeon (4/15)
 Temple: D:4-7

Altars:

Portals:
Abyss: D:3

Annotations:
D:3 2 transporters, Bombi's ghost, amateur MiFi
D:4 Blork the orc


Innate Abilities, Weirdness & Mutations

You have a pair of small horns on your head.
You sometimes gain a little power by taking damage.
You have a small tail.


Message History

The sting hits Blork the orc but does no damage.
Blork the orc looks even sicker.
Blork the orc is moderately wounded.
Blork the orc casts a spell at you. The magic dart hits you!
The sting hits Blork the orc but does no damage.
Blork the orc looks as sick as possible!
Blork the orc is moderately wounded.
Blork the orc looks braver for a moment.
The sting hits Blork the orc.
Blork the orc looks as sick as possible!
Blork the orc is moderately wounded.
The goblin closely misses you. Blork the orc closely misses you.
The sting hits Blork the orc.
Blork the orc looks as sick as possible!
Blork the orc is heavily wounded.
The goblin barely misses you. Blork the orc misses you.
The sting hits Blork the orc.
Blork the orc looks as sick as possible!
Blork the orc is severely wounded.
Blork the orc casts a cantrip, but nothing happens.
The goblin closely misses you.
The sting hits Blork the orc but does no damage.
Blork the orc looks as sick as possible!
Blork the orc is severely wounded.
Blork the orc casts a spell at you. The magic dart hits you!
The goblin hits you but does no damage. Blork the orc attacks as you move away!
Blork the orc hits you with a +0 short sword of speed.
* * * LOW HITPOINT WARNING * * *
Blork the orc casts a spell.
Blork the orc seems to speed up.
You hit the goblin.
You kill the goblin!
Blork the orc casts a spell at you. The magic dart hits you!
* * * LOW HITPOINT WARNING * * *
Blork the orc attacks as you move away!
Blork the orc hits you with a +0 short sword of speed.
You die...

### #.# #.# #.# ### #.# #.#
##.##### #.#
##################....... ###.#
......(o@...............# #...#
!#...#.$.#...#...#......# ###...#
..[.....................# ......#
.#...#...#...#...#.....># ......#
........................#
.##...####################.......
.###.....#[# #..##............
.#.....#.#.# #.(##.......###..
.#.##..#...# #..##.......# #..


You could see Blork the orc (fast, extremely poisoned).

Vanquished Creatures
  An ogre (D:4)
  An iguana (D:4)
  An orc wizard (D:4)
  A gnoll (D:1)
  An adder (D:3)
  2 worms
  3 dart slugs
  7 orcs (D:4)
  7 endoplasms
  3 giant cockroaches
  7 goblins
  3 hobgoblins
  11 jackals (D:1)
  4 quokkas
  6 ball pythons
  5 bats
  5 frilled lizards
  8 kobolds
  5 rats
81 creatures vanquished.

Notes
Turn   | Place    | Note
-------+----------+-------------------------------------------
     0 | D:1      | DemonSlayer the Demonspawn Venom Mage began the quest for
                  | the Orb.
     0 | D:1      | Reached XP level 1. HP: 13/13 MP: 3/3
   265 | D:1      | Discovered your monstrous ancestry.
   265 | D:1      | Gained mutation: You have a small tail. [demonic ancestry]
   265 | D:1      | Reached XP level 2. HP: 8/19 MP: 0/5
   779 | D:1      | Reached skill level 1 in Transmutations
  1178 | D:1      | Gained mutation: You have a pair of small horns on your
                  | head. [demonic ancestry]
  1178 | D:1      | Reached XP level 3. HP: 24/24 MP: 4/6
  2290 | D:1      | Learned a level 3 spell: Mephitic Cloud
  2979 | D:2      | Found a faded altar of an unknown god.
  3028 | D:2      | Gained mutation: You sometimes gain a little power by
                  | taking damage. [demonic ancestry]
  3028 | D:2      | Reached XP level 4. HP: 31/31 MP: 7/7
  3295 | D:2      | Learned a level 3 spell: Stone Arrow
  3440 | D:3      | Noticed a small abomination
  3454 | D:3      | Noticed a small abomination
  3482 | D:3      | Found a transporter.
  3500 | D:3      | Found a transporter.
  4173 | D:3      | Found a one-way gate to the infinite horrors of the Abyss.
  4173 | D:3      | Noticed Bombi's ghost (amateur MiFi)
  4181 | D:3      | Reached skill level 1 in Polearms
  4919 | D:4      | Noticed an ogre
  4930 | D:4      | Killed an ogre
  4931 | D:4      | Reached skill level 4 in Poison Magic
  4931 | D:4      | Reached XP level 5. HP: 13/36 MP: 3/9
  5314 | D:4      | Reached skill level 1 in Armour
  5669 | D:4      | Noticed Blork the orc
  5682 | D:4      | Slain by Blork the orc

Illustrated notes

Levels and vault maps discovered:
D:1:      wander_arrival_estate, layout_basic, minmay_crystal_room,
          minmay_box_of_dots
D:2:      layout_basic, dreamdust_ecumenical_altar_hidden_monk_grotto,
          nicolae_elevator_lobby_plus
D:3:      layout_basic, gammafunk_ghost_abyssal_escape
D:4:      layout_basic, lemuel_coloured_pillars_altar,
          hangedman_decor_diamond_cutter, uniq_grinder, uniq_blork_the_orc

Skill      XL: |  1  2  3  4  5 |
---------------+----------------+-----
Transmutations | 1 2 |  2.1
Dodging        | 2 |  2.0
Stealth        | 2 |  2.2
Polearms       | 1 |  1.3
Spellcasting   | 3 |  3.3
Poison Magic   | 4 |  4.4
Armour         | 1 |  1.0
Fighting       | |  0.5

Action                   |  1- 3 |  4- 6 || total
-------------------------+-------+-------++-------
Melee: Spear             |    96 |    56 ||   152
       Punch             |     1 |     1 ||     2
       Tailslap          |     3 |     4 ||     7
       Headbutt          |     7 |     8 ||    15
 Cast: Sting             |    66 |    66 ||   132
  Use: Potion            |     3 |     1 ||     4
 Stab: Sleeping          |     4 |     2 ||     6
       Distracted        |       |     1 ||     1
Armor: Robe              |    34 |       ||    34
       Leather armour    |     4 |    28 ||    32
Dodge: Dodged            |    87 |    39 ||   126
